Map: Dusk Towers

Players

State - Winner!

  • Race: Protoss Protoss
  • League: Grandmaster

Peppy

  • Race: Zerg Zerg
  • League: Grandmaster

VOD

Have the link to the VOD?

Description

Time

  • Played on: Dec. 27, 2015, 10:53 p.m.
  • Length: 11:34
Show
View Real Time Build Order
Export as new Build Order

State Protoss - Winner!

Build Orders: 1 Gate Expand 

Get SALT Encoding   

  12  0:00  Probe (Chrono Boost)  
  13  0:11  Probe (Chrono Boost)  
  14  0:18  Pylon  
  14  0:22  Probe (Chrono Boost)  
  15  0:36  Probe (Chrono Boost), Gateway  
  16  0:45  Assimilator  
  16  0:47  Probe (Chrono Boost)  
  17  0:57  Probe (Chrono Boost)  
  18  1:08  Probe (Chrono Boost)  
  19  1:19  Nexus  
  19  1:22  Probe (Chrono Boost)  
  20  1:31  Cybernetics Core  
  20  1:34  Probe (Chrono Boost)  
  21  1:40  Assimilator  
  21  1:45  Probe (Chrono Boost)  
  22  1:51  Pylon  
  22  1:55  Probe (Chrono Boost)  
  23  2:09  Probe (Chrono Boost), Adept, Warp Gate  
  26  2:20  Probe (Chrono Boost)  
  27  2:31  Probe x2 (Chrono Boost)  
  27  2:36  Sentry  
  31  2:41  Probe (Chrono Boost)  
  31  2:42  Probe (Chrono Boost)  
  33  2:48  Nexus  
  33  2:52  Probe (Chrono Boost)  
  33  2:54  Probe (Chrono Boost)  
  35  3:03  Stargate  
  35  3:04  Probe (Chrono Boost)  
  36  3:07  Probe (Chrono Boost)  
  37  3:14  Probe (Chrono Boost)  
  37  3:17  Probe (Chrono Boost)  
  39  3:25  Mothership Core (Chrono Boost)  
  41  3:27  Probe (Chrono Boost)  
  41  3:29  Adept (Chrono Boost)  
  43  3:36  Probe  
  44  3:45  Probe  
  44  3:47  Probe  
  45  3:53  Pylon  
  46  3:57  Pylon  
  46  4:00  Probe x2  
  46  4:01  Probe  
  49  4:05  Assimilator  
  49  4:06  Pylon, Assimilator  
  49  4:07  Phoenix (Chrono Boost)  
  51  4:10  Pylon  
  51  4:11  Probe  
  51  4:12  Probe  
  51  4:13  Probe, Pylon  
  54  4:22  Probe  
  54  4:23  Probe  
  55  4:25  Probe  
  55  4:28  Phoenix (Chrono Boost)  
  55  4:30  Gateway  
  59  4:32  Probe  
  59  4:33  Gateway, Probe  
  59  4:37  Probe  
  62  4:39  Adept  
  62  4:43  Probe  
  62  4:44  Probe  
  66  4:49  Probe  
  67  4:53  Probe  
  67  4:54  Probe  
  67  4:55  Twilight Council, Forge  
  69  5:00  Adept  
  69  5:01  Probe  
  69  5:03  Phoenix (Chrono Boost)  
  69  5:04  Probe  
  69  5:05  Probe  
  76  5:13  Probe  
  77  5:14  Probe  
  77  5:19  Probe  
  79  5:25  Phoenix (Chrono Boost)  
  79  5:26  Probe x2, Robotics Facility  
  79  5:27  Gateway  
  83  5:28  Gateway  
  83  5:29  Adept  
  83  5:33  Adept  
  83  5:34  Probe, Adept  
  90  5:38  Probe  
  91  5:43  Pylon  
  91  5:44  Pylon  
  91  5:49  Phoenix (Chrono Boost)  
  95  5:55  Pylon  
  93  5:58  Stalker x3  
  99  6:14  Void Ray (Chrono Boost)  
  93  6:21  Gateway  
  93  6:22  Stalker x3, Gateway  
  93  6:24  Immortal  
  101  6:33  Adept  
  97  6:43  Stalker  
  97  6:45  Stalker x2  
  97  6:46  Stalker  
  99  6:48  Probe  
  99  6:49  Probe x2  
  96  6:55  Adept  
  96  6:58  Probe  
  91  7:03  Probe  
  91  7:05  Probe, Protoss Ground Weapons Level 1  
  85  7:10  Probe, Adept x3  
  85  7:14  Probe  
  77  7:17  Probe (Chrono Boost), Charge (Chrono Boost)  
  77  7:19  Adept  
  77  7:21  Probe (Chrono Boost)  
  78  7:25  Probe (Chrono Boost)  
  78  7:29  Probe (Chrono Boost)  
  80  7:33  Probe (Chrono Boost), Pylon  
  80  7:36  Probe (Chrono Boost), Adept x4  
  80  7:37  Adept  
  92  7:39  Probe (Chrono Boost)  
  92  7:43  Probe, Adept  
  96  7:45  Probe  
  97  7:51  Probe  
  97  7:55  Probe  
  97  7:56  Probe, Immortal  
  104  8:03  Probe  
  103  8:06  Probe, Adept x3  
  103  8:08  Probe, Zealot x3  
  117  8:17  Assimilator x2  
  117  8:19  Forge  
  117  8:35  Nexus  
  117  8:36  Pylon  
  117  8:38  Pylon  
  117  8:41  Probe  
  117  8:43  Probe  
  113  8:58  Zealot x7  
  113  8:59  Protoss Ground Weapons Level 2  
  113  9:00  Immortal, Photon Cannon  
  113  9:02  Gateway  
  117  9:11  Protoss Ground Armor Level 1  
  101  9:26  Zealot x4  
  101  9:31  Gateway  
  109  9:32  Gateway  
  109  9:33  Gateway  
  109  9:37  Gateway  
  109  9:41  Zealot x3  
  109  9:43  Immortal (Chrono Boost)  
  117  9:48  Zealot x2  
  115  9:53  Templar Archives  
  115  10:05  Zealot x4  
  121  10:12  Probe x3  
  122  10:19  Warp Prism (Chrono Boost)  
  124  10:26  Zealot x6  
  136  10:32  Pylon  
  136  10:33  Probe x2  
  136  10:35  Sentry  
  140  10:39  High Templar x3  
  140  10:40  Pylon x2  
  140  10:41  High Templar  
  148  10:48  Archon  
  148  10:49  Archon  
  148  10:52  High Templar x4  
  148  10:56  Pylon, Archon  
  156  10:57  Archon  
  154  11:11  High Templar x4  
  154  11:12  High Templar  
  154  11:13  Zealot, High Templar  
  154  11:16  Archon  
  154  11:17  Archon x2  
  168  11:25  Zealot x4  
Show
View Real Time Build Order
Export as new Build Order

Peppy Zerg 

Build Orders: 3 Hatch before Pool 

Get SALT Encoding   

  12  0:00  Drone  
  13  0:12  Overlord  
  13  0:17  Drone  
  14  0:31  Drone x2  
  16  0:35  Drone  
  17  0:52  Hatchery  
  17  0:55  Drone  
  17  0:59  Drone  
  18  1:11  Drone  
  19  1:20  Hatchery  
  18  1:28  Drone  
  18  1:29  Drone  
  20  1:41  Spawning Pool  
  20  1:43  Drone  
  20  1:53  Drone  
  21  2:02  Overlord  
  21  2:06  Drone  
  22  2:15  Drone x2  
  24  2:28  Queen x2  
  24  2:29  Zergling x4  
  30  2:32  Queen  
  30  2:33  Zergling x2  
  30  2:34  Zergling x2  
  34  2:40  Drone  
  35  2:46  Drone  
  35  2:47  Drone  
  35  2:49  Drone  
  38  2:54  Drone x2  
  38  2:58  Overlord  
  40  3:04  Extractor, Queen  
  40  3:05  Extractor, Queen  
  42  3:11  Overlord  
  42  3:15  Queen  
  42  3:17  Drone  
  45  3:22  Drone x2  
  45  3:23  Drone  
  48  3:30  Overlord  
  48  3:31  Drone  
  48  3:32  Drone x2  
  50  3:36  Overlord  
  50  3:38  Drone  
  51  3:42  Overlord  
  51  3:48  Drone x3  
  52  3:51  Drone  
  54  3:59  Overlord  
  54  4:02  Metabolic Boost, Roach Warren  
  53  4:05  Drone  
  53  4:07  Drone  
  53  4:08  Drone  
  56  4:13  Drone x3  
  56  4:15  Drone  
  56  4:16  Drone  
  61  4:20  Drone x2  
  61  4:21  Drone  
  64  4:25  Extractor  
  64  4:27  Extractor  
  64  4:28  Drone x3  
  64  4:29  Drone  
  66  4:32  Overlord  
  66  4:35  Drone  
  67  4:41  Overlord  
  67  4:53  Roach x3  
  67  4:54  Roach x6  
  67  4:56  Roach  
  67  4:58  Roach  
  89  5:00  Roach  
  89  5:02  Roach  
  89  5:03  Zergling x2  
  94  5:08  Roach, Zergling x2  
  94  5:12  Overlord x2  
  97  5:14  Overlord  
  97  5:31  Zergling x12  
  97  5:32  Zergling x4  
  105  5:38  Zergling x8  
  105  5:39  Zergling x4  
  105  5:40  Zergling x4  
  113  5:43  Overlord  
  112  5:50  Ravager  
  112  5:53  Overlord  
  113  6:00  Overlord  
  113  6:04  Ravager x5  
  113  6:05  Ravager  
  113  6:06  Zergling x8  
  116  6:11  Zergling x6  
  116  6:12  Zergling x2  
  116  6:15  Zergling x8  
  116  6:18  Zergling x6  
  111  6:28  Zergling x2  
  111  6:31  Zergling x4  
  100  6:42  Zergling x6  
  100  6:46  Lair  
  94  6:48  Zergling x2  
  94  6:49  Zergling x4  
  94  6:50  Evolution Chamber  
  94  6:51  Evolution Chamber  
  90  6:56  Extractor, Zergling x6  
  90  6:59  Hatchery, Zergling x10  
  90  7:00  Zergling x2  
  96  7:02  Extractor  
  96  7:05  Zergling x4  
  88  7:11  Zergling x2  
  85  7:17  Drone x2  
  85  7:19  Drone  
  85  7:21  Zerg Ground Armor Level 1, Zerg Melee Weapons Level 1  
  83  7:25  Drone  
  81  7:30  Drone x2  
  81  7:33  Spore Crawler  
  81  7:35  Spore Crawler  
  81  7:36  Spore Crawler, Drone x2  
  80  7:37  Extractor  
  80  7:38  Extractor  
  78  7:44  Drone  
  78  7:48  Hydralisk Den, Glial Reconstitution  
  78  7:50  Drone x2  
  78  7:51  Drone x4  
  84  7:52  Drone  
  82  8:02  Overlord  
  76  8:07  Drone x2  
  75  8:17  Hydralisk x6  
  84  8:20  Hydralisk x2  
  87  8:31  Roach x5  
  87  8:33  Roach  
  100  8:41  Roach x3  
  100  8:45  Roach x5  
  107  8:48  Roach x3  
  107  8:54  Roach x2  
  108  9:00  Roach x4  
  110  9:06  Hydralisk x3  
  110  9:09  Hydralisk x2  
  108  9:12  Roach  
  108  9:15  Overlord  
  110  9:22  Overlord  
  110  9:26  Zerg Missile Weapons Level 1  
  110  9:27  Overlord  
  110  9:33  Overlord, Queen  
  110  9:37  Overlord  
  106  9:48  Roach x3  
  106  9:49  Roach  
  106  9:52  Hydralisk x4  
  98  9:56  Roach x2  
  104  10:00  Drone  
  104  10:02  Lurker Den  
  104  10:04  Drone x2  
  105  10:08  Drone x3  
  105  10:09  Drone  
  109  10:18  Queen  
  109  10:19  Queen  
  109  10:20  Drone x3  
  116  10:23  Drone  
  116  10:25  Drone x2  
  119  10:30  Hydralisk x2  
  123  10:37  Ravager x4  
  123  10:38  Ravager x3  
  123  10:39  Ravager x3  
  123  10:40  Ravager x2  
  123  10:41  Roach x2  
  139  10:45  Hydralisk x2  
  143  10:59  Overlord  
  143  11:11  Overlord x4  
  141  11:14  Overlord  
Tags
 
Add a new tag
Caveats
  • Supply blocks, unpowered buildings, or Contaminate may cause inaccurate times.
  • Supply counts are checked every 10 seconds.